[Event "ICC tourney 1955 (60 10)"]
[Site "Internet Chess Club"]
[Date "2020.08.07"]
[Round "3"]
[White "GutsyEdge"]
[Black "pawnpush202044"]
[Result "0-1"]
[ICCResult "White resigns"]
[WhiteElo "2046"]
[BlackElo "1893"]
[Opening "Catalan: closed, 5.Nf3"]
[ECO "E06"]
[NIC "CA.05"]
[Time "18:33:03"]
[TimeControl "3600+10"]

1. d4 d5 2. c4 e6 3. Nf3 Nf6 4. g3 Be7 5. Bg2 O-O 6. O-O dxc4 7. Qc2 a6 8.
a4 Bd7 9. Rd1 Bc6 10. Nc3 Bxf3 11. Bxf3 Nc6 12. Bxc6 bxc6 13. e3 Rb8 14. Ne2
Qd5 15. Nf4 Qf3 16. Bd2 Ne4 17. Be1 Bd6 18. Ng2 g5 19. Rab1 Rb3 20. Qxc4
Rfb8 21. Qc2 Rxb2 22. Rxb2 Rxb2 23. Qxb2 Qxd1 24. a5 h5 25. Kf1 g4 26. Qe2
Qc1 27. Nf4 Bxf4 28. exf4 Qb1 29. Kg2 Nd6 30. Qe5 Ne4 31. Qxh5 Qxe1 32.
Qxg4+ Kf8 33. Qf3 Nd2 34. Qd3 Qe4+ 35. Qxe4 Nxe4 36. Kf3 Nd6 37. Ke3 Nc4+
38. Kd3 Nxa5 39. h4 Nb7 40. h5 c5 41. dxc5 Nxc5+ 42. Kc4 Ne4 43. Kb4 Nxf2
44. Ka5 c5 {White resigns} 0-1

[Event "ICC tourney 1955 (60 10)"]
[Site "Internet Chess Club"]
[Date "2020.08.07"]
[Round "3"]
[White "anton555"]
[Black "smokyqueen"]
[Result "1-0"]
[ICCResult "Black resigns"]
[WhiteElo "2166"]
[BlackElo "1921"]
[Opening "Vienna gambit"]
[ECO "C29"]
[NIC "VG.04"]
[Time "18:33:43"]
[TimeControl "3600+10"]

1. e4 e5 2. Nc3 Nf6 3. f4 d6 4. Nf3 Nc6 5. Bb5 Bg4 6. h3 Bxf3 7. Qxf3 Be7 8.
fxe5 dxe5 9. d3 Qd7 10. Nd5 a6 11. Bxc6 Qxc6 12. Nxe7 Kxe7 13. O-O h6 14.
Qg3 Qe6 15. Rf5 Nd7 16. Be3 Rag8 17. Raf1 f6 18. d4 exd4 19. Bxd4 Kd8 20. e5
Qxa2 21. exf6 gxf6 22. Qc3 Qe6 23. Bxf6+ Nxf6 24. Rxf6 Qe4 25. R1f3 Qe2 26.
Rf2 Qh5 27. Qd4+ Kc8 28. Qa7 Qd5 29. Rf7 Qd1+ 30. Rf1 Rxg2+ 31. Kxg2 Rg8+
32. Kh2 Qd6+ 33. R1f4 Qd2+ 34. Qf2 Qd6 35. Rf6 Qe5 36. Rf5 Qd6 37. Qd4 Qe7
38. Qe5 Qd8 39. Qe6+ Kb8 40. Qxg8 Qxg8 41. Rf8+ Qxf8 42. Rxf8+ {Black
resigns} 1-0

[Event "ICC tourney 1955 (60 10)"]
[Site "Internet Chess Club"]
[Date "2020.08.07"]
[Round "3"]
[White "Willixm"]
[Black "H2ODerp"]
[Result "0-1"]
[ICCResult "White resigns"]
[WhiteElo "1868"]
[BlackElo "2104"]
[Opening "French: Burn variation"]
[ECO "C11"]
[NIC "FR.05"]
[Time "18:33:03"]
[TimeControl "3600+10"]

1. e4 e6 2. d4 d5 3. Nc3 Nf6 4. Bg5 dxe4 5. Nxe4 Be7 6. Bxf6 gxf6 7. Nf3 f5
8. Ng3 c5 9. dxc5 Bxc5 10. Qxd8+ Kxd8 11. Ne5 Ke7 12. Bc4 Nc6 13. Nd3 Bd6
14. O-O-O Kf6 15. h4 Rg8 16. Nh5+ Ke7 17. Nhf4 Ne5 18. Nxe5 Bxe5 19. Nd3 Bd6
20. g3 Bd7 21. Rhe1 Bc6 22. Ne5 Bxe5 23. Rxe5 Rac8 24. Rde1 Be4 25. Bb3 Kd6
26. Ra5 a6 27. Rd1+ Ke7 28. c3 Rc6 29. Bc2 Bxc2 30. Kxc2 Rd6 31. Rxd6 Kxd6
32. Kd3 Rg4 33. Ke3 f4+ 34. Kf3 f5 35. gxf4 Rxh4 36. Ra4 Rg4 37. Rd4+ Kc7
38. Rc4+ Kd7 39. Rd4+ Kc7 40. Rc4+ Kd7 41. Rd4+ Kc7 42. Rc4+ Kb8 43. Rd4 Rg7
44. Rd6 Re7 45. c4 Kc7 46. c5 a5 47. Kg3 Rg7+ 48. Kf3 Re7 49. Kg3 Rg7+ 50.
Kf3 Rg6 51. Rd1 Kc6 52. Rh1 Rg7 53. Rh6 Re7 54. Ke3 Kxc5 55. Kd3 b5 56. Kc3
Kd5 57. Rh3 Ke4 58. Rh4 Rc7+ 59. Kd2 Kf3 60. Rh6 Re7 61. Kd3 Kxf4 62. Kd4
Kg5 63. Rh3 Rd7+ 64. Ke5 Rd2 65. Rg3+ Kh4 66. Kxe6 Rxb2 67. Rg7 Rxf2 68.
Rxh7+ Kg4 69. Rg7+ Kf4 70. Rb7 b4 71. a3 Re2+ 72. Kf6 bxa3 73. Rb5 a2 74.
Rxf5+ Ke4 75. Rxa5 Kd3 76. Kf5 Kc3 77. Kf4 Kb2 78. Rb5+ Kc1 79. Ra5 Kb1 80.
Kf3 Rb2 {White resigns} 0-1

[Event "ICC tourney 1955 (60 10)"]
[Site "Internet Chess Club"]
[Date "2020.08.07"]
[Round "3"]
[White "MrNormalName"]
[Black "ThunderingFish"]
[Result "1-0"]
[ICCResult "Black resigns"]
[WhiteElo "2193"]
[BlackElo "1903"]
[Opening "Catalan: closed, 5.Nf3"]
[ECO "E06"]
[NIC "TD.02"]
[Time "18:33:03"]
[TimeControl "3600+10"]

1. d4 Nf6 2. c4 e6 3. g3 d5 4. Bg2 Be7 5. Nf3 O-O 6. O-O c5 7. cxd5 Nxd5 8.
Nc3 Nc6 9. e4 Nc7 10. d5 exd5 11. exd5 Nb4 12. Ne5 Bf6 13. Nd3 Nbxd5 14.
Nxd5 Nxd5 15. Nxc5 Be6 16. Nxb7 Qd7 17. Nc5 Qc6 18. Nxe6 fxe6 19. Rb1 Rab8
20. b3 Rbd8 21. Bb2 Qa6 22. Bxf6 Nxf6 23. Qc2 Qb6 24. Rbd1 Rde8 25. Rfe1 Ng4
26. Re2 Rc8 27. Qb2 Rc7 28. Bh3 h5 29. Bxg4 hxg4 30. Qd4 Qa6 31. Qxg4 Rcf7
32. Rde1 e5 33. Qe4 Qa5 34. Qxe5 Qxe5 35. Rxe5 Rxf2 36. R5e2 R2f5 37. Re8
Rd5 38. Rxf8+ Kxf8 39. Kf2 Kf7 40. h4 Kf6 41. g4 Rd2+ 42. Re2 Rd3 43. Rc2
Rh3 44. Rc6+ Ke5 45. Ra6 Rxh4 46. Kg3 Rh1 47. Rxa7 g6 48. Re7+ Kd4 49. Kf4
Ra1 50. Rd7+ Kc5 51. a4 Kc6 52. Rd3 Re1 53. Kg5 Re6 54. b4 Re4 55. Rb3 Kb6
56. a5+ Kb5 57. Rb1 Re6 58. Rf1 Kxb4 59. Rf6 Re4 60. a6 Kc5 61. Rxg6 Ra4 62.
Kf5 Kd5 63. g5 Ra1 64. Rf6 Rf1+ 65. Kg6 Re1 66. Kf7 Rc1 67. g6 Rc7+ 68. Kg8
Ke5 69. Rb6 Rc8+ 70. Kh7 Rc7+ 71. g7 {Black resigns} 1-0

[Event "ICC tourney 1955 (60 10)"]
[Site "Internet Chess Club"]
[Date "2020.08.07"]
[Round "3"]
[White "jHanna"]
[Black "geowhiz27"]
[Result "1-0"]
[ICCResult "Black checkmated"]
[WhiteElo "1934"]
[BlackElo "1784"]
[Opening "QGD: exchange, positional line, 6.Qc2"]
[ECO "D36"]
[NIC "QO.16"]
[Time "18:32:39"]
[TimeControl "3600+10"]

1. d4 Nf6 2. c4 e6 3. Nc3 d5 4. cxd5 exd5 5. Bg5 c6 6. Qc2 Be7 7. e3 h6 8.
Bh4 O-O 9. Bd3 Bg4 10. f3 Be6 11. Nge2 Nbd7 12. O-O Nb6 13. e4 Nfd7 14. Bxe7
Qxe7 15. e5 c5 16. f4 Bg4 17. Rae1 Rac8 18. h3 Bxe2 19. Nxe2 cxd4 20. Qb1
Qb4 21. b3 Nc5 22. Bf5 Ne6 23. Rd1 Rc7 24. Qd3 Rfc8 25. Nxd4 Re8 26. Kh1 Rc3
27. Qb5 Qe7 28. Rf3 Nxd4 29. Rxd4 Rxf3 30. gxf3 g6 31. Bd3 Qh4 32. Qxe8+ Kg7
33. Kg2 Qe1 34. Bf1 Qe3 35. Rd3 Qxf4 36. Qe7 Kg8 37. Qf6 Qc1 38. e6 Qc2+ 39.
Kh1 Qf2 40. Qxf7+ Kh8 41. Qf8+ Kh7 42. Qe7+ Kh8 43. Qd8+ Kg7 44. Qc7+ Kf6
45. Qc3+ Kf5 46. Rd1 d4 47. Qxd4 Qxf3+ 48. Bg2 Qg3 49. Qd3+ Qxd3 50. Rxd3
Kxe6 51. Bxb7 Kf5 52. a4 Ke6 53. Kg2 Ke7 54. Kg3 Nd7 55. Kf4 g5+ 56. Kf5 Nc5
57. Re3+ Kf7 58. Bd5+ Kg7 59. Re7+ Kf8 60. Rxa7 Ke8 61. Kg6 Nd3 62. Kxh6 Nf2
63. Bg2 g4 64. hxg4 Nxg4+ 65. Kg6 Ne5+ 66. Kf6 Nd3 67. a5 Kd8 68. a6 Kc8 69.
Rh7 Nc5 70. a7 Nd7+ 71. Rxd7 Kxd7 72. a8=Q Kc7 73. Qc6+ Kd8 74. Qb7 Ke8 75.
Qe7# {Black checkmated} 1-0

[Event "ICC tourney 1955 (60 10)"]
[Site "Internet Chess Club"]
[Date "2020.08.07"]
[Round "3"]
[White "glmccoy"]
[Black "Mulan2009"]
[Result "1-0"]
[ICCResult "Black checkmated"]
[WhiteElo "1885"]
[BlackElo "1599"]
[Opening "Réti opening"]
[ECO "A13"]
[NIC "QP.11"]
[Time "18:32:17"]
[TimeControl "3600+10"]

1. Nf3 e6 2. c4 Nf6 3. g3 b6 4. Bg2 Bb7 5. b3 c5 6. Bb2 d5 7. cxd5 exd5 8.
O-O Be7 9. d4 O-O 10. Ne5 Ne4 11. Nc3 f6 12. Nf3 f5 13. Rc1 Bf6 14. dxc5
bxc5 15. e3 Qa5 16. Qc2 Na6 17. a4 Nb4 18. Qb1 Qb6 19. Rfd1 Rad8 20. Ne2 Ba6
21. Nf4 g5 22. Nh5 Bxb2 23. Qxb2 Qg6 24. Nxg5 Qxg5 25. Nf4 Qe7 26. h4 Kf7
27. Bf3 Nf6 28. Qb1 Bc8 29. g4 fxg4 30. Be2 Qe4 31. Rxc5 Qxb1 32. Rxb1 Ne4
33. Rc7+ Rd7 34. Rbc1 Rxc7 35. Rxc7+ Kg8 36. Rxa7 Nc3 37. Bf1 Rf7 38. Ra8
Rf8 39. Rb8 Na6 40. Rb6 Nc5 41. a5 Bb7 42. a6 Ba8 43. b4 N5e4 44. Ne6 Rc8
45. Nd4 Nd2 46. b5 Nf3+ 47. Nxf3 gxf3 48. a7 Kf7 49. Rb8 Rg8+ 50. Kh2 Ne4
51. b6 Nc5 52. Bh3 Na6 53. Be6+ Kxe6 54. Rxg8 Bb7 55. a8=Q Bxa8 56. Rxa8 Nc5
57. Rc8 Nb7 58. Rc7 Nd6 59. b7 Nxb7 60. Rxb7 Kf6 61. Kg3 h5 62. Kf4 Ke6 63.
Rb6+ Kd7 64. Rh6 Ke7 65. Ke5 Kf7 66. Ra6 Ke7 67. Ra7+ Ke8 68. Ke6 Kd8 69.
Rd7+ Kc8 70. Kd6 d4 71. exd4 Kb8 72. Rc7 Ka8 73. Kc6 Kb8 74. Kb6 Ka8 75. Rc1
Kb8 76. Rc6 Ka8 77. Rc8# {Black checkmated} 1-0

[Event "ICC tourney 1955 (60 10)"]
[Site "Internet Chess Club"]
[Date "2020.08.07"]
[Round "3"]
[White "sushi96"]
[Black "NK3"]
[Result "1/2-1/2"]
[ICCResult "Game drawn by mutual agreement"]
[WhiteElo "2007"]
[BlackElo "2160"]
[Opening "Nimzo-Indian: Kmoch variation"]
[ECO "E20"]
[NIC "NI.30"]
[Time "18:33:03"]
[TimeControl "3600+10"]

1. d4 Nf6 2. c4 e6 3. Nc3 Bb4 4. f3 d5 5. a3 Be7 6. e3 O-O 7. Bd3 c5 8. cxd5
exd5 9. Nge2 Nc6 10. O-O a6 11. Bc2 b5 12. Nf4 Be6 13. Bb3 c4 14. Bc2 Qb6
15. b3 cxb3 16. Bxb3 Rfd8 17. Qd3 Bd6 18. Nce2 Kh8 19. Bc2 Ne7 20. Nxe6 fxe6
21. e4 e5 22. Be3 dxe4 23. fxe4 {Game drawn by mutual agreement} 1/2-1/2

[Event "ICC tourney 1955 (60 10)"]
[Site "Internet Chess Club"]
[Date "2020.08.07"]
[Round "3"]
[White "Ronaldh"]
[Black "MateOnF7"]
[Result "1-0"]
[ICCResult "Black resigns"]
[WhiteElo "2176"]
[BlackElo "1890"]
[Opening "Giuoco Pianissimo: Italian four knights variation"]
[ECO "C50"]
[NIC "IG.02"]
[Time "18:32:25"]
[TimeControl "3600+10"]

1. e4 e5 2. Nf3 Nc6 3. Bc4 Bc5 4. d3 Nf6 5. Nc3 O-O 6. h3 h6 7. O-O Re8 8.
Be3 d6 9. a3 a6 10. b4 Ba7 11. d4 exd4 12. Nxd4 Nxd4 13. Bxd4 Nxe4 14. Nxe4
Rxe4 15. Bxf7+ Kh8 16. Bxa7 Rxa7 17. Re1 Qe7 18. Bg6 Re5 19. f4 Re6 20. Rxe6
Qxe6 21. Qd4 c5 22. Qe4 b5 23. Rd1 Qxe4 24. Bxe4 Rd7 25. Bc6 Rd8 26. bxc5 d5
27. Rxd5 {Black resigns} 1-0

[Event "ICC tourney 1955 (60 10)"]
[Site "Internet Chess Club"]
[Date "2020.08.07"]
[Round "3"]
[White "Blue-Elephant1"]
[Black "meghna"]
[Result "0-1"]
[ICCResult "White resigns"]
[WhiteElo "2072"]
[BlackElo "1947"]
[Opening "Dutch with c4 & Nc3"]
[ECO "A85"]
[NIC "HD.05"]
[Time "18:32:15"]
[TimeControl "3600+10"]

1. d4 f5 2. c4 Nf6 3. Nc3 g6 4. h4 Bg7 5. h5 d6 6. hxg6 hxg6 7. Rxh8+ Bxh8
8. Nf3 Nc6 9. Bf4 e6 10. Qd3 Qe7 11. O-O-O Bd7 12. Bg5 Qf7 13. Bxf6 Bxf6 14.
e4 O-O-O 15. Qe3 Kb8 16. e5 dxe5 17. dxe5 Be7 18. g3 Qf8 19. Bg2 Bc5 20. Qe2
Qh6+ 21. Kb1 g5 22. Ne1 Qh8 23. f4 gxf4 24. gxf4 Nd4 25. Qf2 Bc8 26. Nd3 Be7
27. Ne2 Qh5 28. Bf1 Bh4 29. Qh2 Nf3 30. Qh3 Rg8 31. Kc1 Qg4 32. Qh1 b6 33.
Bh3 Qh5 34. Bg2 Bb7 35. Rf1 Nd4 36. Bxb7 Qxe2 37. Nb4 Qxc4+ 38. Kb1 Qxb4 39.
Ba6 c6 40. Qxh4 Qf8 41. Rd1 c5 42. Qh7 Rg7 43. Qh6 Qg8 44. a3 Rg6 45. Qh1
Qg7 46. Ka2 Rh6 47. Qe1 Qg2 48. Qc3 Qf2 49. Qc1 Rh2 50. Rg1 Rg2 51. Rh1 Rh2
52. Rg1 Qf3 53. Rg8+ Kc7 54. Qc4 Qf2 55. Qc1 Qf3 56. Qc4 Qd1 57. Bc8 Rh1 58.
Rg7+ Kb8 {White resigns} 0-1

[Event "ICC tourney 1955 (60 10)"]
[Site "Internet Chess Club"]
[Date "2020.08.07"]
[Round "3"]
[White "mdbgaccp"]
[Black "AlexEmmons"]
[Result "1/2-1/2"]
[ICCResult "Game drawn by mutual agreement"]
[WhiteElo "1806"]
[BlackElo "1999"]
[Opening "Grünfeld with e3 & Bd3"]
[ECO "D94"]
[NIC "GI.09"]
[Time "18:32:08"]
[TimeControl "3600+10"]

1. d4 Nf6 2. c4 g6 3. Nc3 d5 4. e3 Bg7 5. Nf3 O-O 6. Bd3 c5 7. h3 cxd4 8.
exd4 dxc4 9. Bxc4 a6 10. O-O b5 11. Bb3 Bb7 12. Be3 Nc6 13. a3 Rc8 14. Rc1
Na5 15. Ba2 Nc4 16. Bxc4 Rxc4 17. Ne5 Rc8 18. Nd3 Nd7 19. Nc5 Nxc5 20. dxc5
Qc7 21. Qb3 Bc6 22. Rfd1 Qb7 23. f3 Kh8 24. Nd5 Rcd8 25. Nf4 e5 26. Ne2 f5
27. Bf2 Bd5 28. Qb4 h6 29. a4 Qc6 30. axb5 axb5 31. Nc3 e4 32. Qxb5 Bxc3 33.
Qxc6 Bxc6 34. bxc3 exf3 35. Bd4+ Kg8 36. gxf3 Bxf3 37. Re1 Kf7 38. Ra1 Ra8
39. Kf2 Be4 40. Kg3 g5 41. h4 Rfb8 42. Be5 Rxa1 43. Rxa1 Rb2 44. hxg5 hxg5
45. Rg1 Kg6 46. Kh3 Kh5 47. Bf6 g4+ 48. Kg3 Kg6 49. Be5 Rd2 50. Bd4 Re2 51.
Kf4 Kf7 52. Ra1 Ke6 53. Ra6+ Kd7 54. Ra7+ Kc6 55. Rh7 Re1 56. Rh2 Rf1+ 57.
Rf2 Rh1 58. Rb2 Rf1+ 59. Rf2 Rxf2+ 60. Bxf2 {Game drawn by mutual agreement}
1/2-1/2

[Event "ICC tourney 1955 (60 10)"]
[Site "Internet Chess Club"]
[Date "2020.08.07"]
[Round "3"]
[White "ningaling291"]
[Black "Adhvaith0406"]
[Result "0-1"]
[ICCResult "White resigns"]
[WhiteElo "1703"]
[BlackElo "2000"]
[Opening "Sicilian: Najdorf"]
[ECO "B90"]
[NIC "SI.14"]
[Time "18:32:12"]
[TimeControl "3600+10"]

1. e4 c5 2. Nf3 d6 3. d4 cxd4 4. Nxd4 Nf6 5. Nc3 a6 6. f3 e5 7. Nb3 Be6 8.
Be3 Be7 9. Qd2 O-O 10. O-O-O Nbd7 11. g4 b5 12. Rg1 Nb6 13. g5 Nfd7 14. Na5
Qc7 15. Nd5 Nxd5 16. exd5 Bxd5 17. Qxd5 Qxa5 18. Bh3 Qc7 19. Bf5 g6 20. h4
gxf5 21. g6 Rac8 22. c3 Qc4 23. gxf7+ Kh8 24. Bh6 Rxf7 25. Qd2 b4 26. Qg2
Bf6 27. Rxd6 bxc3 28. b3 Qxh4 29. Rh1 Qb4 30. Rxf6 Nxf6 31. Bg5 c2 32. Bxf6+
Rxf6 33. Rxh7+ Kxh7 34. Qh3+ Kg6 35. Qg3+ Kf7 {White resigns} 0-1

[Event "ICC tourney 1955 (60 10)"]
[Site "Internet Chess Club"]
[Date "2020.08.07"]
[Round "3"]
[White "ChessPlayer2005"]
[Black "canary2016"]
[Result "0-1"]
[ICCResult "White resigns"]
[WhiteElo "1758"]
[BlackElo "2019"]
[Opening "Petrov: Nimzovich attack"]
[ECO "C42"]
[NIC "RG.03"]
[Time "18:33:23"]
[TimeControl "3600+10"]

1. e4 e5 2. Nf3 Nf6 3. Nxe5 d6 4. Nf3 Nxe4 5. Nc3 Nxc3 6. dxc3 Be7 7. Bd3
O-O 8. O-O Nd7 9. h3 Nc5 10. Be2 g6 11. Bh6 Re8 12. Nd4 Bf6 13. Bg4 Bxg4 14.
Qxg4 Re4 15. Qd1 Nd7 16. Be3 Bg7 17. Re1 Nb6 18. Bd2 d5 19. Rxe4 dxe4 20.
Be3 Qe7 21. Qe2 Rd8 22. a3 Qd7 23. Bg5 f6 24. Bf4 f5 25. Bg5 Re8 26. Rd1 a6
27. Nb3 Qf7 28. Nc5 h6 29. Bd8 Nd5 30. Nxb7 Qe6 31. Qc4 c6 32. Qxa6 e3 33.
Qe2 Qd7 34. Nc5 Qxd8 35. c4 Qe7 36. cxd5 Qxc5 37. d6 exf2+ 38. Qxf2 Re1+ 39.
Rxe1 Bd4 40. Kh1 Bxf2 41. d7 Bh4 {White resigns} 0-1

[Event "ICC tourney 1955 (60 10)"]
[Site "Internet Chess Club"]
[Date "2020.08.07"]
[Round "3"]
[White "Sricharan07"]
[Black "wolfchess1"]
[Result "1/2-1/2"]
[ICCResult "Game drawn by mutual agreement"]
[WhiteElo "1890"]
[BlackElo "2021"]
[Opening "Robatsch (modern) defense"]
[ECO "B06"]
[NIC "KF.05"]
[Time "18:33:00"]
[TimeControl "3600+10"]

1. e4 g6 2. d4 Bg7 3. Nf3 d6 4. Be2 a6 5. Be3 Nf6 6. Nbd2 Nc6 7. h3 O-O 8.
O-O h6 9. d5 Nb8 10. c4 c5 11. Rb1 Nbd7 12. a3 Qc7 13. Qc2 Rb8 14. b4 b6 15.
bxc5 Nxc5 16. Bd4 Nh5 17. Bxg7 Kxg7 18. Qc3+ Kh7 19. Qe3 Bd7 20. Nd4 Ng7 21.
f4 e5 22. fxe5 dxe5 23. N4b3 f5 24. Nxc5 bxc5 25. Bd3 f4 26. Qf2 Ba4 27. Nf3
Nh5 28. Qd2 Nf6 29. Qc3 Nd7 30. Bc2 Bxc2 31. Qxc2 Nb6 32. Rb3 Kg7 33. Rfb1
Nd7 34. Qc3 Kf6 35. R1b2 Rxb3 36. Rxb3 Rb8 37. Kh2 g5 38. Nd2 h5 39. Rxb8
Nxb8 40. Qb3 g4 41. Nb1 g3+ 42. Kg1 Nd7 43. Nd2 Ke7 44. Nf3 Kf6 45. Kf1 Qb6
46. Qxb6+ Nxb6 47. Nd2 Ke7 48. Ke2 Kd6 49. Kd3 Nc8 50. Kc3 Ne7 51. Nf3 Nc8
52. Ng5 Ke7 53. Nf3 Kf6 54. Kd3 a5 55. Nd2 a4 56. Kc3 Ke7 57. Nf3 Kd6 58.
Kd3 Ne7 59. Kc3 Ng8 60. Kd3 Nf6 61. Ne1 Ng8 62. Nf3 Nh6 63. Ne1 Nf7 64. Nf3
Nd8 65. Kc3 Nb7 66. Ng5 Ke7 67. Nf3 Kf6 68. Kd3 Na5 69. Kc3 Nb3 70. Ne1 Nd4
71. Kd3 Ke7 72. Kc3 Ne2+ 73. Kd3 Ng1 74. Kd2 f3 75. gxf3 Nxh3 76. Ng2 Kd6
77. Ke3 Nf4 78. Nh4 g2 79. Kf2 Nd3+ 80. Kxg2 Nb2 81. Nf5+ Kd7 82. Ne3 Nd3
83. Kh3 Ne1 84. Kg3 h4+ 85. Kxh4 Nxf3+ 86. Kg4 Nd2 87. Kf5 Kd6 88. Nd1 Nxc4
89. Nc3 Nxa3 90. Nxa4 Nc2 91. Nxc5 Nd4+ 92. Kf6 Kxc5 93. Kxe5 Nb5 94. Ke6
Nc7+ 95. Ke5 Ne8 96. Ke6 Nc7+ 97. Ke5 Ne8 98. Kf5 Kd6
{Game drawn by mutual agreement}
1/2-1/2

[Event "ICC tourney 1955 (60 10)"]
[Site "Internet Chess Club"]
[Date "2020.08.07"]
[Round "3"]
[White "StarWaricc"]
[Black "Leolix"]
[Result "0-1"]
[ICCResult "White resigns"]
[WhiteElo "1639"]
[BlackElo "1947"]
[Opening "QGD Slav: 4.e3 Bf5"]
[ECO "D12"]
[NIC "SL.01"]
[Time "18:33:23"]
[TimeControl "3600+10"]

1. d4 d5 2. c4 c6 3. e3 Nf6 4. Nf3 Bf5 5. Nc3 e6 6. Be2 Nbd7 7. O-O Bd6 8.
b3 O-O 9. Nh4 Bg6 10. Nxg6 hxg6 11. Bb2 Qc7 12. h3 b6 13. Rc1 Qb7 14. Qc2
Rac8 15. Rfd1 Rfd8 16. Bd3 e5 17. dxe5 Nxe5 18. cxd5 cxd5 19. Be2 Ne4 20.
Qb1 Nf6 21. Nb5 Bb8 22. Nd4 a6 23. Rxc8 Rxc8 24. Nf3 Ned7 25. Rc1 Re8 26.
Rc2 Bd6 27. Qc1 Ne4 28. Nd2 Nec5 29. Nb1 Ne6 30. Qd1 b5 31. Nc3 Nb6 32. Rd2
Bb4 33. a3 Bxc3 34. Bxc3 Rc8 35. Bb2 Nc5 36. Bf3 Ne4 37. Rc2 Re8 38. Qd4 f6
39. a4 bxa4 40. bxa4 Nc4 41. Be2 Ned6 42. Bf3 Ne4 43. Bg4 Kh7 44. Be2 Ncd6
45. a5 Rb8 46. Ba3 Nf5 47. Qb2 Qa7 48. Qc1 Rb3 49. Bc5 Nxc5 50. Rxc5 Qb8 51.
Qd1 Rb2 52. Bxa6 Qa7 53. Bd3 Qxc5 54. Bxf5 gxf5 55. Qh5+ Kg8 56. Qe8+ Qf8
57. Qe6+ Qf7 58. Qxf5 g6 59. Qc8+ Kg7 60. a6 Ra2 61. h4 Qa7 62. Qc6 Rxa6 63.
Qxd5 Ra1+ 64. Kh2 Qc7+ 65. g3 Rc1 66. h5 Rc5 67. Qf3 Rxh5+ 68. Kg2 Rc5 69.
Qd1 Qc6+ 70. f3 Rc2+ 71. Kh3 Qc8+ 72. g4 Qh8+ {White resigns} 0-1

[Event "ICC tourney 1955 (60 10)"]
[Site "Internet Chess Club"]
[Date "2020.08.07"]
[Round "3"]
[White "Almanac2050"]
[Black "LawrenceTu"]
[Result "1/2-1/2"]
[ICCResult "Game drawn by repetition"]
[WhiteElo "1516"]
[BlackElo "1883"]
[Opening "Sicilian: Najdorf"]
[ECO "B90"]
[NIC "SI.14"]
[Time "18:32:33"]
[TimeControl "3600+10"]

1. e4 c5 2. Nf3 d6 3. d4 cxd4 4. Nxd4 Nf6 5. Nc3 a6 6. f3 e5 7. Nb3 Be6 8.
Be3 Be7 9. Qd2 Nbd7 10. Be2 Qc7 11. O-O O-O 12. Rad1 Rac8 13. Qe1 b5 14. Bd3
Nc5 15. Be2 Na4 16. Nxa4 bxa4 17. Na1 Qb7 18. Qa5 Qxb2 19. Qxa4 Bxa2 20.
Qxa6 Be6 21. Rb1 Qc3 22. Qd3 Qa5 23. Bb6 Qa2 24. Qa6 Rc6 25. Qxa2 Bxa2 26.
Rb2 Be6 27. Be3 Bc4 28. Bxc4 Rxc4 29. Bg5 Rfc8 30. Bxf6 Bxf6 31. Rfb1 g6 32.
Rb6 R8c6 33. Rxc6 Rxc6 34. Kf2 Kg7 35. Ke2 Bd8 36. Kd3 Ba5 37. c4 Kf6 38.
Nc2 Ke6 39. Rb5 Ra6 40. Rb3 f5 41. Rb7 h5 42. Rb3 Bb6 43. Ra3 Rxa3+ 44. Nxa3
Kf6 45. Nc2 g5 46. Nb4 Bc5 47. Nd5+ Ke6 48. Nc7+ Kd7 49. Nd5 Ke6 50. exf5+
Kxf5 51. Ne7+ Kf4 52. Nd5+ Kf5 53. Ne7+ Ke6 54. Nd5 Kf5 55. Ne7+ Kf4 56.
Nd5+ Kf5 57. Ne7+ {Game drawn by repetition} 1/2-1/2

[Event "ICC tourney 1955 (60 10)"]
[Site "Internet Chess Club"]
[Date "2020.08.07"]
[Round "3"]
[White "Joshua1"]
[Black "winner08"]
[Result "0-1"]
[ICCResult "White resigns"]
[WhiteElo "1849"]
[BlackElo "1789"]
[Opening "Grünfeld: Stockholm variation"]
[ECO "D80"]
[NIC "GI.03"]
[Time "18:32:40"]
[TimeControl "3600+10"]

1. d4 Nf6 2. c4 g6 3. Nc3 d5 4. Bg5 Bg7 5. Bxf6 Bxf6 6. cxd5 c6 7. dxc6 Bxd4
8. cxb7 Bxb7 9. e3 Bxc3+ 10. bxc3 Qa5 11. Qc2 O-O 12. Nf3 Rc8 13. Rc1 Nd7
14. Be2 Rc7 15. O-O Rac8 16. c4 Bxf3 17. gxf3 Qg5+ 18. Kh1 Nf6 19. Rg1 Qh6
20. f4 Qh3 21. Rg3 Qd7 22. f5 Rc5 23. fxg6 hxg6 24. Qd3 Qxd3 25. Bxd3 Rd8
26. Rc3 e5 27. e4 Rd4 28. Re3 Ng4 29. Re2 f5 30. f3 Nf6 31. exf5 Nd5 32. Rb3
Nf4 33. Re3 gxf5 34. Kg1 Nxd3 35. Rexd3 Rcxc4 36. Rxd4 Rxd4 37. Rb8+ Kf7 38.
Rb7+ Kf6 39. Rxa7 Kg5 40. Kf2 Kf4 41. Ke2 Rc4 42. Rd7 Rc2+ 43. Rd2 Rxd2+ 44.
Kxd2 Kxf3 45. a4 Kf2 46. a5 e4 47. a6 e3+ 48. Kd3 e2 49. a7 e1=Q 50. a8=Q
Qe3+ 51. Kc2 Qe4+ 52. Qxe4 fxe4 53. h4 e3 54. h5 e2 55. h6 e1=Q 56. h7 Qe4+
57. Kc3 Qxh7 {White resigns} 0-1

[Event "ICC tourney 1955 (60 10)"]
[Site "Internet Chess Club"]
[Date "2020.08.07"]
[Round "3"]
[White "clydedrexler22"]
[Black "carlsthe1"]
[Result "0-1"]
[ICCResult "White forfeits on time"]
[WhiteElo "1840"]
[BlackElo "2110"]
[Opening "Queen's pawn: London system"]
[ECO "A45"]
[NIC "QP.07"]
[Time "18:33:03"]
[TimeControl "3600+10"]

1. d4 Nf6 2. Bf4 d5 3. e3 e6 4. Nd2 Bd6 5. Bg3 c5 6. c3 O-O 7. Ngf3 Qc7 8.
Ne5 Nc6 9. f4 Nd7 10. Bd3 f6 11. Qh5 f5 12. Bh4 b6 13. g4 Ndxe5 14. fxe5 Be7
15. gxf5 Bxh4+ 16. Qxh4 c4 17. Bc2 exf5 18. Rg1 Qe7 19. Qxe7 Nxe7 20. Ke2
Be6 21. Rg2 Bf7 22. Rag1 Bh5+ 23. Ke1 g6 24. Rf2 Kf7 25. Nf1 Ke6 26. Ng3 Bg4
27. h3 Bxh3 28. Rh1 Bg4 29. Rxh7 Rh8 30. Rfh2 Rxh7 31. Rxh7 Rf8 32. Rh4 b5
33. Nh1 a5 34. Nf2 b4 35. Nxg4 fxg4 36. Rxg4 Rh8 37. Rg1 Rh2 38. Kd1 Rf2 39.
Kc1 Kf7 40. cxb4 axb4 41. a4 b3 42. Bb1 c3 43. bxc3 b2+ 44. Kd1 Nf5 45. Ke1
Rh2 46. Rf1 Ke7 47. Rxf5 gxf5 48. Kd1 Kd8 49. a5 Kc7 50. e6 Kd6 51. e7 Kxe7
52. a6 Kf6 53. Ba2 Kg5 54. a7 Rh8 55. Kc2 Ra8 56. Bxd5 Rxa7 57. Kxb2 Re7 58.
c4 Rxe3 59. Kc2 f4 60. c5 f3 61. c6 f2 {White forfeits on time} 0-1

[Event "ICC tourney 1955 (60 10)"]
[Site "Internet Chess Club"]
[Date "2020.08.07"]
[Round "3"]
[White "xyzchessdude"]
[Black "chessw23"]
[Result "1/2-1/2"]
[ICCResult "Game drawn by mutual agreement"]
[WhiteElo "2036"]
[BlackElo "1860"]
[Opening "English: Neo-Catalan declined"]
[ECO "A14"]
[NIC "RE.09"]
[Time "18:33:22"]
[TimeControl "3600+10"]

1. Nf3 d5 2. c4 e6 3. g3 Nf6 4. Bg2 Be7 5. O-O O-O 6. b3 c5 7. Bb2 Nc6 8. e3
d4 9. exd4 cxd4 10. Re1 Bc5 11. Ne5 Qd6 12. Nxc6 bxc6 13. d3 a5 14. Nd2 Bd7
15. Ne4 Nxe4 16. Rxe4 e5 17. f4 f6 18. Qh5 Rae8 19. f5 Ba3 20. Bc1 Bxc1 21.
Rxc1 Qa3 22. Rc2 Re7 23. Rf2 a4 24. Rh4 h6 25. Be4 axb3 26. axb3 Qxb3 27.
Qg4 Kh8 28. Qf3 Qa4 29. g4 Kg8 30. Rh3 Rb8 31. Rg3 Rb1+ 32. Rf1 Qa1 33. Rg2
Re8 34. Rf2 Rc8 35. h4 Rxf1+ 36. Rxf1 Qc3 37. Qg3 Qd2 38. Rf2
{Game drawn by mutual agreement}
1/2-1/2